 Dungeon Crawl Stone Soup version 0.30.1-9-gdf580d7c3d (webtiles) character file.

Game seed: 3274742053228041477

144 lonewolfV2 the Shield-Bearer (level 5, -6/42 HPs)
             Began as a Formicid Fighter on Sept 28, 2023.
             Killed from afar by a white imp (9 damage)
             ... with a puff of frost
             ... summoned by Eustachio
             ... on level 4 of the Dungeon.
             The game lasted 00:04:00 (1908 turns).

lonewolfV2 the Shield-Bearer (Formicid Fighter)     Turns: 1908, Time: 00:04:01

Health: -6/42      AC:  8    Str: 20    XL:     5   Next: 52%
Magic:  5/5        EV:  9    Int: 14    God:
Gold:   90         SH:  6    Dex: 15    Spells: 4/4 levels left

rFire   + . .        k - +5 dagger "Dotuxutt" {flame, rPois}
rCold   . . .        c - +1 buckler
rNeg    . . .        d - +1 scale mail {rF+}
rPois   +            (helmet unavailable)
rElec   .            (no cloak)
rCorr   .            (no gloves)
SInv    +            (no boots)
Will    .....        (no amulet) Stlth
                     h - +6 ring of intelligence
HPRegen 0.27/turn    (no ring)
MPRegen 0.09/turn

%: no passive effects
@: no status effects
A: permanent stasis, dig shafts and tunnels, antennae 3, four strong arms
a: Dig, Shaft Self


You were on level 4 of the Dungeon.
You visited 1 branch of the dungeon, and saw 6 of its levels.

You collected 90 gold pieces.

Inventory:

Hand Weapons
 a - a +1 war axe
 k - the +5 dagger "Dotuxutt" (weapon) {flame, rPois}
   (You found it on level 2 of the Dungeon)

   rPois:     It protects you from poison.
Armour
 b - a +0 scale mail
 c - a +1 buckler (worn)
 d - a +1 scale mail of fire resistance (worn)
Jewellery
 h - a +6 ring of intelligence (left hand)
Scrolls
 e - a scroll of enchant weapon
 g - a scroll of blinking
 j - 2 scrolls of identify
 l - a scroll of poison
 n - a scroll of amnesia {unknown}
Potions
 f - a potion of flight {unknown}
 i - a potion of curing
 m - a potion of attraction {unknown}


   Skills:
 + Level 3.8 Fighting
 + Level 1.1 Short Blades
 + Level 3.2 Axes
 + Level 4.2 Armour
 + Level 0.5 Dodging
 + Level 1.2 Stealth
 + Level 4.7 Shields


You had 4 spell levels left.
You didn't know any spells.
Your spell library contained the following spells:

 Spells                   Type           Power      Damage    Failure   Level
 Magic Dart               Conj           0%         1d3       69%         1
 Call Imp                 Summ           0%         N/A       83%         2
 Mephitic Cloud           Conj/Pois/Air  0%         N/A       96%         3


Dungeon Overview and Level Annotations

Branches:
Dungeon (6/15)
 Temple: D:4-7

Altars:
Uskayaw

Annotations:
D:4 Eustachio


Innate Abilities, Weirdness & Mutations

You cannot be hasted, slowed, berserked, paralysed or teleported.
You can dig through walls and to a lower floor.
You have a pair of large antennae on your head. (SInv)
Your four strong arms can wield two-handed weapons with a shield.


Message History

The white imp is almost dead.
Eustachio casts a spell.
Eustachio blinks!
The white imp gestures at you. The puff of frost misses you.
The iron imp hits you.
You hit the white imp. You burn the white imp.
You kill the white imp!
The white imp disappears in a puff of smoke!
Eustachio casts a spell.
The iron imp hits you.
You feel better.
The iron imp disappears in a puff of smoke!
Eustachio mumbles some strange words.
The white imp barely misses you.
You feel better. You block the white imp's attack. The white imp hits you.
The white imp freezes you.
You hit the white imp but do no damage. The white imp hits you.
The white imp freezes you.
The white imp sputters.
The white imp hits you but does no damage.
You hit the white imp. You burn the white imp.
The white imp is lightly wounded.
The white imp gestures at you. The puff of frost misses you.
The white imp gestures at you. The puff of frost hits you.
You closely miss the white imp.
The white imp is lightly wounded.
The white imp gestures at you.
The puff of frost hits you but does no damage.
You block the white imp's attack.
You hit the white imp. You burn the white imp.
The white imp is moderately wounded.
You block the white imp's attack. The white imp gestures at you.
The puff of frost hits you!
* * * LOW HITPOINT WARNING * * *
The white imp gestures at you. The puff of frost hits you!
You die...

. #. .# ##.
{ ... #.#
####...
#..#...5...
#####@#5#
.....55@#
#####b###
#. #


You could see Eustachio, 2 white imps, an ufetubus (summoned) and a bat
(summoned).

Vanquished Creatures
  An ice beast (D:5)
  An adder (D:2)
  A worm (D:3)
  6 orcs
  3 ball pythons (D:1)
  An endoplasm (D:2)
  2 giant cockroaches
  4 hobgoblins
  A quokka (D:1)
  5 bats
  A frilled lizard (D:1)
  2 goblins (D:1)
  2 kobolds (D:2)
  6 rats
36 creatures vanquished.

Notes
Turn   | Place    | Note
-------+----------+-------------------------------------------
     0 | D:1      | lonewolfV2 the Formicid Fighter began the quest for the
                  | Orb.
     0 | D:1      | Reached XP level 1. HP: 18/18 MP: 1/1
   114 | D:1      | Reached XP level 2. HP: 24/24 MP: 2/2
   959 | D:2      | Found a faded altar of an unknown god.
  1086 | D:2      | Reached XP level 3. HP: 25/30 MP: 3/3
  1308 | D:2      | Found a hide-covered altar of Uskayaw.
  1364 | D:2      | Identified the +5 dagger "Dotuxutt" {flame, rPois}
  1679 | D:3      | You fall into a shaft and drop 3 floors!
  1738 | D:5      | Entered Level 5 of the Dungeon
  1738 | D:5      | Noticed an ice beast
  1754 | D:5      | Killed an ice beast
  1755 | D:5      | Reached skill level 1 in Short Blades
  1755 | D:5      | Reached skill level 1 in Stealth
  1755 | D:5      | Reached XP level 4. HP: 19/37 MP: 4/4
  1755 | D:5      | Reached XP level 5. HP: 21/42 MP: 5/5
  1877 | D:5      | Noticed Eustachio
  1907 | D:4      | HP: 2/42 [white imp/puff of frost[Eustachio] (12)]
  1908 | D:4      | Killed from afar by a white imp

Illustrated notes

Levels and vault maps discovered:
D:1:      dpeg_arrival_stone_temple_mockup, layout_basic, chequers_arboretum
D:2:      layout_rooms, ebering_ecumenical_altar_box, basic_altar, nrook_uturn
D:3:      layout_loops_ring, serial_glass, glass_columns_c, glass_columns_b
D:4:      layout_loops_ring, uniq_edmund
D:5:      wander_river, layout_rooms, grunt_temple_overflow_opulence,
          uniq_sigmund, uniq_eustachio
D:6:      wad_woods_stonehenge, layout_basic, old_standard_altar,
          kiku_gazebo_garden_becter, mainiacjoe_overflow_alcove_2, uniq_pikel

Skill      XL: |  1  2  3 |
---------------+----------+-----
Short Blades   | 1 |  1.1
Axes           | 3 |  3.2
Armour         | 4 |  4.2
Stealth        | 1 |  1.2
Fighting       | |  3.8
Dodging        | |  0.5
Shields        | |  4.7

Action                     |  1- 3 |  4- 6 || total
---------------------------+-------+-------++-------
  Melee: War axe           |    51 |       ||    51
         Dagger            |    26 |    25 ||    51
    Use: Scroll            |    10 |       ||    10
         Potion            |     1 |     2 ||     3
 Armour: Scale mail        |    53 |     7 ||    60
  Dodge: Dodged            |    36 |    11 ||    47
  Block: Buckler           |    44 |    11 ||    55
